AoeStats
← APC

Four Lakes

510151007Analyzed
1v1 RM · 2d ago on Sep 29, 2026· 44m 53s· 2 players
Game mode
Random Map
Map size
Tiny (2 player)
Population
200
Speed
Normal
Resources
Standard
Victory
Conquest
Starting age
Dark Age
Ending age
Imperial Age
RankedLock teamsTeams togetherTeam positionsShared explorationLock speedFull tech treeHidden civsTurbo modeCheats
Victory
Defeat
🇩🇪 Japanese · Germany
1088
+15
🇮🇹 Japanese · Italy
1058
-15
APC
13:14 Feudal Age
13:43 Double-Bit Axe
14:14 Loom
21:17 Castle Age
19:18 Gold Mining
20:04 Stone Mining
20:42 Fletching
20:37 Fishing Lines
23:15 Gold Shaft Mining
27:10 Wheelbarrow
29:37 Imperial Age
27:33 Bow Saw
27:28 Gillnets
27:26 Pikeman
30:43 Horse Collar
31:49 Heavy Plow
32:53 Forging
32:44 Bodkin Arrow
33:31 Scale Mail Armor
33:44 Crossbowman
34:26 Bracer
35:36 Arbalester
38:08 Hand Cart
39:33 Iron Casting
41:12 Two-Man Saw
42:05 Scale Barding Armor
42:06 Padded Archer Armor
45:14 Padded Archer Armor
mglite
7:17 Loom
11:04 Feudal Age
12:06 Double-Bit Axe
16:52 Castle Age
16:02 Gold Mining
16:53 Fletching
17:03 Demolition Ship
18:52 Bow Saw
19:48 Town Watch
20:14 Horse Collar
21:20 Medium Warships
23:20 Man-at-Arms
23:20 Pikeman
23:27 Pikeman
26:29 Fishing Lines
31:17 Imperial Age
29:15 Bodkin Arrow
29:52 Gillnets
30:27 Forging
31:59 Iron Casting
31:36 Scale Mail Armor
32:24 Ballistics
32:31 Padded Archer Armor
32:57 Heavy Plow
33:36 Gold Shaft Mining
33:43 Wheelbarrow
33:36 Bracer
34:42 Leather Archer Armor
33:49 Crossbowman
35:15 Arbalester
37:13 Ring Archer Armor
37:01 Elite Skirmisher
38:40 Conscription
38:52 Shipwright
39:37 Chemistry
38:30 Guard Tower
39:27 Kataparuto
39:26 Murder Holes
39:49 Hand Cart
40:22 Conscription
40:06 Elite Skirmisher
44:20 Chain Mail Armor
45:05 Blast Furnace
44:11 Scale Barding Armor
Connection lost

Rejoining the realm…

Still unreachable

The connection could not be restored.

Session expired

The server has moved on; the page needs a fresh start.